 Dungeon Crawl Stone Soup version 0.30.1-3-gfc49f6343a (webtiles) character file.

Game seed: 13467208304482855582

882 Destapler the Vexing (level 7, -1/42 HPs)
             Began as a Deep Elf Hexslinger on July 23, 2023.
             Slain by Crazy Yiuf the warg (14 damage)
             ... on level 5 of the Dungeon.
             The game lasted 00:38:15 (5047 turns).

Destapler the Vexing (Deep Elf Hexslinger)          Turns: 5047, Time: 00:38:15

Health: -1/42      AC:  4    Str:  7    XL:     7   Next: 76%
Magic:  13/13      EV: 14    Int: 18    God:
Gold:   228        SH:  0    Dex: 23    Spells: 9/13 levels left

rFire   . . .        a - +1 sling
rCold   . . .        (no shield)
rNeg    . . .        c - +0 robe
rPois   .            r - +0 helmet
rElec   .            (no cloak)
rCorr   .            k - +1 pair of gloves
SInv    .            (no boots)
Will    +....        (no amulet)
Stlth   ++++         y - +6 ring of dexterity
HPRegen 0.27/turn    (no ring)
MPRegen 0.13/turn

%: no passive effects
@: no status effects
A: camouflage 1, deformed body, low MP 1, strong-willed 1
a: no special abilities


You were on level 5 of the Dungeon.
You visited 1 branch of the dungeon, and saw 5 of its levels.

You collected 351 gold pieces.
You spent 123 gold pieces at shops.

Inventory:

Hand Weapons
 a - a +1 sling (weapon)
 b - a +0 dagger
 e - a +1 shortbow
Armour
 c - a +0 robe (worn)
 k - a +1 pair of gloves (worn)
 p - a +1 kite shield of poison resistance
 r - a +0 helmet (worn)
Jewellery
 y - a +6 ring of dexterity (left hand)
Wands
 m - a wand of polymorph (14)
Scrolls
 d - a scroll of fog
 h - 2 scrolls of enchant armour
 l - 2 scrolls of amnesia
 o - 3 scrolls of teleportation
 u - a scroll of magic mapping
 x - 2 scrolls of silence
Potions
 f - 2 potions of heal wounds
 g - 6 potions of curing
 j - a potion of cancellation
 n - a potion of attraction {unknown}
 t - a potion of invisibility {unknown}
 w - a potion of haste {unknown}


   Skills:
 + Level 3.7 Fighting
 + Level 1.5 Short Blades
 + Level 4.7 Ranged Weapons
 - Level 1.0 Armour
 + Level 3.8 Dodging
 + Level 3.9 Stealth
 + Level 3.8 Spellcasting
 + Level 4.8 Hexes
 - Level 2.0 Fire Magic
 - Level 2.0 Ice Magic
 + Level 1.7 Evocations


You had 9 spell levels left.
You knew the following spells:

 Your Spells              Type           Power      Damage    Failure   Level
a - Slow                  Hex            80%        N/A       1%          1
b - Tukima's Dance        Hex            20%        N/A       6%          3

Your spell library contained the following spells:

 Spells                   Type           Power      Damage    Failure   Level
 Inner Flame              Hex/Fire       15%        N/A       11%         3
 Portal Projectile        Hex/Tloc       24%        N/A       17%         3
 Ozocubu's Armour         Ice            10%        N/A       21%         3
 Cause Fear               Hex            10%        N/A       21%         4
 Metabolic Englaciation   Hex/Ice        7%         N/A       71%         5
 Summon Lightning Spire   Summ/Air       3%         N/A       83%         4
 Blade Hands              Tmut           1%         N/A       99%         5
 Simulacrum               Ice/Necr       3%         N/A       100%        6
 Storm Form               Tmut/Air       1%         N/A       100%        7
 Maxwell's Capacitive Co  Air            1%         ∞         100%        8


Dungeon Overview and Level Annotations

Branches:
Dungeon (5/15)
 Temple: D:4-7

Altars:

Shops:
D:2 ![*

Annotations:
D:5 Crazy Yiuf


Innate Abilities, Weirdness & Mutations

Your skin changes colour to match your surroundings (Stealth+).
Armour fits poorly on your strangely shaped body.
Your magical capacity is low. (-10% MP)
You are strong-willed. (Will+)


Message History

Crazy Yiuf seems to slow down.
You shoot a sling bullet. The sling bullet hits Crazy Yiuf.
Crazy Yiuf is lightly wounded.
You shoot a sling bullet. The sling bullet hits Crazy Yiuf.
Crazy Yiuf is moderately wounded.
You shoot a sling bullet. The sling bullet hits Crazy Yiuf.
Crazy Yiuf is moderately wounded.
Crazy Yiuf pauses to sniff the ground.
You shoot a sling bullet.
The sling bullet closely misses Crazy Yiuf.
Crazy Yiuf seems to slow down.
You shoot a sling bullet. The sling bullet misses Crazy Yiuf.
Crazy Yiuf bites you!
You shoot a sling bullet.
The sling bullet barely misses Crazy Yiuf.
Crazy Yiuf completely misses you.
You shoot a sling bullet.
The sling bullet hits Crazy Yiuf but does no damage.
Crazy Yiuf is moderately wounded.
Crazy Yiuf bites you.
You shoot a sling bullet.
The sling bullet barely misses Crazy Yiuf.
Crazy Yiuf misses you.
You shoot a sling bullet. The sling bullet hits Crazy Yiuf!
Crazy Yiuf is heavily wounded.
Crazy Yiuf bites you!
* * * LOW HITPOINT WARNING * * *
You shoot a sling bullet. The sling bullet hits Crazy Yiuf.
Crazy Yiuf is severely wounded.
Crazy Yiuf bites you!
* * * LOW HITPOINT WARNING * * *
You feel better.
You shoot a sling bullet. The sling bullet hits Crazy Yiuf.
Crazy Yiuf is almost dead.
Crazy Yiuf bites you!
* * * LOW HITPOINT WARNING * * *
You shoot a sling bullet. The sling bullet hits Crazy Yiuf.
Crazy Yiuf is almost dead.
Crazy Yiuf bites you!
You die...

..#....#..#............##..####
......<................##.....###
..#......##............##.....##.
###......###.##........##........
.........#.#.......##........†...
.........#......#<.#.............
......#..#.....##.........#......
#..........^.....................
##.............#@h...............
#...##...##.###.....#...........
##.............#.................
###..............................
...##...........#................
#...............###.............#
........#.......##.............##
#...........###.##..............#
...........###..##....##.........


You could see Crazy Yiuf the warg (slow).

Vanquished Creatures
  2 ogres (D:4)
  2 phantoms (D:4)
  2 scorpions (D:5)
  A hound (D:4)
  An iguana (D:5)
  Robin (D:2)
  5 adders
  A white imp (D:5)
  4 worms
  2 dart slugs
  An orc (D:5)
  4 bats
  12 endoplasms
  4 giant cockroaches
  13 goblins
  7 hobgoblins
  3 quokkas
  11 ball pythons
  4 frilled lizards
  3 kobolds
  3 rats (D:1)
86 creatures vanquished.

Vanquished Creatures (collateral kills)
  Sigmund (D:3)
  A centaur (D:5)
2 creatures vanquished.

Grand Total: 88 creatures vanquished

Notes
Turn   | Place    | Note
-------+----------+-------------------------------------------
     0 | D:1      | Destapler the Deep Elf Hexslinger began the quest for the
                  | Orb.
     0 | D:1      | Reached XP level 1. HP: 11/11 MP: 5/5
   334 | D:1      | Reached skill level 1 in Fighting
   368 | D:1      | Reached XP level 2. HP: 12/16 MP: 4/6
   407 | D:1      | Reached skill level 1 in Stealth
   431 | D:1      | Found a faded altar of an unknown god.
   901 | D:1      | Reached XP level 3. HP: 7/20 MP: 5/8
  1078 | D:2      | Found Vuaplor's Distillery.
  1085 | D:2      | Bought a potion of degeneration for 12 gold pieces
  1093 | D:2      | Bought a potion of curing for 36 gold pieces
  1419 | D:2      | Found Hiaregh's Assorted Antiques.
  1428 | D:2      | Bought a scroll labelled DOIROT BUNIQ for 25 gold pieces
  1428 | D:2      | Bought a scroll labelled ROM HEORIENT for 25 gold pieces
  1428 | D:2      | Bought a scroll labelled TYNYST NEPH for 25 gold pieces
  1647 | D:2      | Found Ynuefa's Armour Boutique.
  1829 | D:2      | Reached XP level 4. HP: 23/25 MP: 7/9
  2047 | D:3      | Noticed Robin
  2101 | D:3      | Noticed Sigmund
  2314 | D:3      | Reached skill level 1 in Ice Magic
  2434 | D:2      | Killed Robin
  2435 | D:2      | Reached skill level 1 in Fire Magic
  2463 | D:2      | Learned a level 3 spell: Tukima's Dance
  2545 | D:3      | Killed Sigmund
  2546 | D:3      | Reached XP level 5. HP: 24/32 MP: 0/11
  2546 | D:3      | Reached XP level 6. HP: 28/37 MP: 0/12
  3494 | D:4      | Reached skill level 1 in Short Blades
  3494 | D:4      | Reached skill level 1 in Evocations
  3494 | D:4      | Reached XP level 7. HP: 23/41 MP: 9/14
  3826 | D:5      | Entered Level 5 of the Dungeon
  3862 | D:4      | Reached skill level 1 in Armour
  4737 | D:5      | Found a runed translucent door.
  4738 | D:5      | Noticed Crazy Yiuf
  4765 | D:5      | Gained mutation: Armour fits poorly on your strangely
                  | shaped body. [potion of mutation]
  4765 | D:5      | Gained mutation: Your magical capacity is low. (-10% MP)
                  | [potion of mutation]
  4765 | D:5      | Gained mutation: Your skin changes colour to match your
                  | surroundings (Stealth+). [potion of mutation]
  4765 | D:5      | Gained mutation: You are strong-willed. (Will+) [potion of
                  | mutation]
  4768 | D:5      | Crazy Yiuf changed into Crazy Yiuf the warg
  4768 | D:5      | Noticed Crazy Yiuf
  5047 | D:5      | Slain by Crazy Yiuf the warg

Illustrated notes

Levels and vault maps discovered:
D:1:      dpeg_arrival_simpleton_a, layout_basic, basic_ecumenical_altar
D:2:      minmay_diamond_boxcup, layout_rooms, serial_shops, shop,
          nicolae_shop_stone, shop, minmay_unequal
D:3:      layout_rooms, uniq_robin, uniq_sigmund
D:4:      layout_gridville, serial_rivers, chequers_serial_rivers_micro_c,
          chequers_serial_rivers_micro_b, chequers_serial_rivers_large_a,
          chequers_serial_rivers_micro_e, chequers_serial_rivers_small_b,
          nrook_mini_vaults
D:5:      layout_cave_pools, uniq_crazy_yiuf_cottage

Skill      XL: |  1  2  3  4  5  6  7 |
---------------+----------------------+-----
Fighting       | 1 3 |  3.7
Ranged Weapons | 3 4 |  4.7
Stealth        | 1 2 3 |  3.9
Spellcasting   | 2 3 |  3.8
Dodging        | 3 |  3.8
Ice Magic      | 1 2 |  2.0
Fire Magic     | 1 2 |  2.0
Short Blades   | 1 |  1.5
Evocations     | 1 |  1.7
Armour         | 1 |  1.0
Hexes          | |  4.8

Action                     |  1- 3 |  4- 6 |  7- 9 || total
---------------------------+-------+-------+-------++-------
  Melee: Dagger            |     2 |       |       ||     2
         Unarmed           |       |     3 |       ||     3
   Fire: Sling             |   129 |   184 |   100 ||   413
   Cast: Slow              |    34 |    38 |    35 ||   107
         Tukima's Dance    |       |     3 |     3 ||     6
  Evoke: Wand              |       |       |     1 ||     1
    Use: Scroll            |     1 |     4 |     6 ||    11
         Potion            |       |     1 |     5 ||     6
 Armour: Robe              |     5 |    20 |     9 ||    34
  Dodge: Dodged            |    42 |    86 |    27 ||   155
